 Dungeon Crawl Stone Soup version 0.19.1 (webtiles) character file.

51 NoWolfie the Skirmisher (level 4, 0/41 HPs)
             Began as a Human Wanderer on Nov 27, 2016.
             Slain by a ball python (1 damage)
             ... on level 3 of the Dungeon.
             The game lasted 00:10:20 (865 turns).

NoWolfie the Skirmisher (Human Wanderer)             Turns: 865, Time: 00:10:21

Health: 0/41       AC:  8    Str: 16    XL:     4   Next: 5%
Magic:  4/4        EV:  9    Int: 11    God:
Gold:   91         SH:  0    Dex: 16    Spells: 0 memorised, 3 levels left

rFire  . . .     SeeInvis .     b - +0 mace
rCold  . . .     Gourm    .     a - +2 scale mail
rNeg   . . .     Faith    .     (no shield)
rPois  .         Spirit   .     (no helmet)
rElec  .         Reflect  .     (no cloak)
rCorr  .         Harm     .     (no gloves)
MR     .....                    (no boots)
Stlth  ..........               (no amulet)
                                (no ring)
                                (no ring)

@: mighty
A: no striking features
a: no special abilities


You were on level 3 of the Dungeon.
You were not hungry.

You visited 1 branch of the dungeon, and saw 3 of its levels.

You collected 91 gold pieces.

Inventory:

Hand Weapons
 b - a +0 mace (weapon)
 e - a +0 short sword
 k - a +0 short sword
 u - a +0 long sword
Missiles
 m - 15 poisoned needles
Armour
 a - a +2 scale mail (worn)
Scrolls
 g - 3 scrolls of recharging {unknown}
 h - a scroll of enchant weapon {unknown}
 i - 3 scrolls of identify {unknown}
Potions
 f - a potion of curing {unknown}
 j - a potion of flight {unknown}
 l - a potion of agility {unknown}
 n - 2 potions of haste {unknown}
 p - a potion of cancellation {unknown}
 q - a potion of cure mutation {unknown}
 r - a potion of might
 s - a potion of degeneration {unknown}
 t - a potion of ambrosia {unknown}
Comestibles
 d - a bread ration
 o - 2 meat rations


   Skills:
 + Level 6.4 Fighting
 + Level 2.2 Maces & Flails
 + Level 1.0 Throwing
 + Level 1.2 Armour
 + Level 0.6 Dodging
 + Level 0.2 Stealth
   Level 1.0 Shields


You had 3 spell levels left.
You didn't know any spells.

Dungeon Overview and Level Annotations

Branches:
Dungeon (3/15)

Altars:

Portals:
Sewer: D:3

Annotations:
D:3 max's ghost, weakling MiFi


Message History

* * * LOW HITPOINT WARNING * * *
Max's ghost says, "Are you willing to die fighting?
I was!"
Max's ghost hits you!
* * * LOW HITPOINT WARNING * * *
The leopard gecko closely misses you.
A rat comes into view.
It was a potion of might.
You feel very mighty all of a sudden.
Your surroundings suddenly seem different.
Splash!
You fall into the shallow water.
Moving in this stuff is going to be slow.
The rat barely misses you.
Found a scale mail.
Found a glowing drain.
A ball python and a rat come into view.
The ball python hisses angrily.
You sock the rat!
You kill the rat!
The ball python bites you.
You die...

#.lbrgg..#
#W########
#.# #W#
######.#
####....sS#
#..[......#
#≈≈...Sr..#
#≈≈.≈@Sr..#
#≈≈≈≈S...##
#+##'≈≈..#
≈#≈.≈.#
∩≈#≈.≈.#
≈≈≈#≈≈≈.#
### ######


You could see max's ghost, a giant cockroach, 4 ball pythons and 2 rats.

Vanquished Creatures
  Robin (D:3)
  A dart slug (D:2)
  2 leopard geckos
  2 giant cockroaches (D:1)
  11 goblins
  3 hobgoblins
  2 bats
  3 frilled lizards
  5 kobolds (D:1)
  4 rats
34 creatures vanquished.

Notes
Turn   | Place    | Note
-------+----------+-------------------------------------------
     0 | D:1      | NoWolfie the Human Wanderer began the quest for the Orb.
     0 | D:1      | NoWolfie set off with: a +2 scale mail, a +0 mace, a scroll of teleportation, a bread ration
     0 | D:1      | Reached XP level 1. HP: 22/22 MP: 1/1
   183 | D:1      | Reached XP level 2. HP: 28/28 MP: 2/2
   449 | D:2      | Reached XP level 3. HP: 33/35 MP: 3/3
   559 | D:3      | Noticed Robin
   599 | D:3      | Killed Robin
   780 | D:3      | Reached XP level 4. HP: 36/41 MP: 4/4
   858 | D:3      | Noticed max's ghost (weakling MiFi)
   863 | D:3      | HP: 1/41 [max's ghost (7)]
   864 | D:3      | Found a glowing drain.
   865 | D:3      | Slain by a ball python

Skill      XL: |  1  2  3 |
---------------+----------+-----
Maces & Flails | 2 |  2.2
Fighting       | |  6.4
Throwing       | |  1.0
Armour         | |  1.2
Dodging        | |  0.6
Stealth        | |  0.2
Shields        | |  1.0

Action                   |  1- 3 |  4- 6 || total
-------------------------+-------+-------++-------
Melee: Mace              |   112 |    12 ||   124
  Use: Scroll            |       |     1 ||     1
       Potion            |       |     1 ||     1
Armor: Scale mail        |    80 |    61 ||   141
Dodge: Dodged            |    68 |    39 ||   107
